 Dungeon Crawl Stone Soup version 0.25-a0-292-gaa31f046c4 (webtiles) character file.

Game seed: 5076375847992965032, levelgen mode: deterministic

217 CheeseeCupcake the Shield-Bearer (level 5, -5/34 HPs)
             Began as a Gargoyle Fighter on Dec 15, 2019.
             Was an Initiate of Okawaru.
             Slain by an ogre
             ... wielding a +0 giant club
              (9 damage)
             ... on level 4 of the Dungeon.
             The game lasted 00:07:21 (2529 turns).

CheeseeCupcake the Shield-Bearer (Gargoyle Fighter) Turns: 2529, Time: 00:07:21

Health: -5/34      AC: 10    Str: 21    XL:     5   Next: 94%
Magic:  5/5        EV:  7    Int:  8    God:    Okawaru [......]
Gold:   227        SH:  9    Dex:  9    Spells: 4/4 levels left

rFire    + . .     SeeInvis .   a - +1 flail
rCold    x . .     Gourm    .   c - +0 shield
rNeg     + . .     Faith    .   b - +0 scale mail
rPois    ∞         Spirit   .   (no helmet)
rElec    +         Reflect  .   (no cloak)
rCorr    .         Harm     .   (no gloves)
MR       +....                  (no boots)
Stlth    ..........             (no amulet)
HPRegen  0.11/turn              k - ring of protection from magic
MPRegen  0.09/turn              g - ring of fire

@: no status effects
A: negative energy resistance 1, electricity resistance, unbreathing,
petrification resistance, rot immunity, AC +4
a: Renounce Religion


You were on level 4 of the Dungeon.
You worshipped Okawaru.
Okawaru was noncommittal.
You were very hungry.

You visited 1 branch of the dungeon, and saw 4 of its levels.

You collected 227 gold pieces.

Inventory:

Hand Weapons
 a - a +1 flail (weapon)
Armour
 b - a +0 scale mail (worn)
 c - a +0 shield (worn)
Jewellery
 g - a ring of fire (right hand)
 k - a ring of protection from magic (left hand)
Scrolls
 h - a scroll of immolation {unknown}
 i - 4 scrolls of identify
 j - a scroll of amnesia {unknown}
 m - 2 scrolls of remove curse
 p - 2 scrolls of blinking {unknown}
 q - a scroll of fog {unknown}
Potions
 d - a potion of might
 e - a potion of mutation {unknown}
 l - a potion of resistance
 n - a potion of haste {unknown}
 o - a potion of degeneration {unknown}
 r - 2 potions of lignification {unknown}
Comestibles
 f - 6 rations


   Skills:
 + Level 4.4 Fighting
 * Level 4.4 Maces & Flails
 - Level 3.2 Armour
 + Level 4.5 Shields


You had 4 spell levels left.
You didn't know any spells.
Your spell library was empty.

Dungeon Overview and Level Annotations

Branches:
Dungeon (4/15)
 Temple: D:4-7

Altars:
Elyvilon
Fedhas
Hepliaklqana
Makhleb
Okawaru
Xom


Innate Abilities, Weirdness & Mutations

You are resistant to torment.
Your stone body is resilient. (AC +4)
You are immune to poison.
You resist negative energy. (rN+)
You are resistant to electric shocks. (rElec)
You can survive without breathing.
You are immune to petrification.
You are immune to rotting.


Message History

You are too injured to fight recklessly!
You are too injured to fight recklessly!
You are too injured to fight recklessly!
You are too injured to fight recklessly!
You are too injured to fight recklessly!
You are too injured to fight recklessly!
You are too injured to fight recklessly!
You are too injured to fight recklessly!
You are too injured to fight recklessly!
You sock the ogre!
The ogre is severely wounded.
The ogre hits you with a +0 giant club!
* * * LOW HITPOINT WARNING * * *
You sock the ogre!
The ogre is almost dead.
You block the ogre's attack.
Your shield prevents you from hitting the ogre.
The ogre is almost dead.
The ogre hits you with a +0 giant club!
You die...

######.####
#.............#
#.............+
#.............#
#......##.....#
#......##.....#
#.............##
#......O.......#
#.......@......#
#..............#
###'#####.....##
#.....#########
#......#
#......#
#......#
#<....## #.....#


You could see an ogre.

Vanquished Creatures
  A phantom (D:4)
  A scorpion (D:3)
  An orc priest (D:3)
  An adder (D:2)
  2 worms
  2 dart slugs
  2 orcs (D:3)
  3 giant cockroaches
  A goblin (D:3)
  8 hobgoblins
  3 kobolds
  A quokka (D:2)
  5 bats
  2 frilled lizards (D:1)
  8 rats
41 creatures vanquished.

Notes
Turn   | Place    | Note
-------+----------+-------------------------------------------
     0 | D:1      | CheeseeCupcake the Gargoyle Fighter began the quest for the
                  | Orb.
     0 | D:1      | Reached XP level 1. HP: 14/14 MP: 1/1
   218 | D:1      | Reached XP level 2. HP: 19/19 MP: 2/2
  1062 | D:1      | Reached XP level 3. HP: 23/23 MP: 3/3
  1275 | D:2      | Found a shimmering altar of Xom.
  1278 | D:2      | Found a burning altar of Makhleb.
  1281 | D:2      | Found a white marble altar of Elyvilon.
  1295 | D:2      | Found a hazy altar of Hepliaklqana.
  1342 | D:2      | Found an iron altar of Okawaru.
  1361 | D:2      | Became a worshipper of Warmaster Okawaru
  1724 | D:3      | Noticed a scorpion
  1731 | D:3      | Killed a scorpion
  1731 | D:3      | Reached XP level 4. HP: 26/29 MP: 4/4
  1928 | D:3      | Reached XP level 5. HP: 31/33 MP: 5/5
  2183 | D:3      | Found a blossoming altar of Fedhas.
  2484 | D:4      | Noticed a phantom
  2519 | D:4      | Noticed an ogre
  2523 | D:4      | Killed a phantom
  2529 | D:4      | Slain by an ogre

Levels and vault maps discovered:
D:1:      dpeg_arrival_brainrot, layout_basic
D:2:      layout_rooms, grunt_temple_overflow_cloverleaf,
          nicolae_overflow_crystal_walls, minivault_14
D:3:      layout_basic, minmay_misc_feat_cross, fedhas_altar_2
D:4:      layout_gridville, serial_shops, shop, uniq_menkaure, uniq_duvessa

Skill      XL: |  1  2  3  4  5 |
---------------+----------------+-----
Maces & Flails | 3 4 |  4.4
Fighting       | 4 |  4.4
Shields        | 4 |  4.5
Armour         | |  3.2

Action                   |  1- 3 |  4- 6 || total
-------------------------+-------+-------++-------
Melee: Flail             |   104 |    49 ||   153
  Use: Scroll            |     3 |       ||     3
  Eat: Chunk             |     3 |     1 ||     4
Armor: Scale mail        |    56 |    18 ||    74
Dodge: Dodged            |    26 |     9 ||    35
Block: Shield            |    53 |    15 ||    68

Table legend:
 A = Non-vault XP
 B = Vault XP
 C = Vault XP percentage of total XP
 D = Non-vault monster count
 E = Vault monster count
 F = Vault count percentage of total count
                 A         B        C        D         E       F
            +---------+---------+-------+---------+---------+-------
      Total |     306 |       5 |   1.6 |      40 |       1 |   2.4
            +---------+---------+-------+---------+---------+-------
        D:1 |      30 |       5 |  14.3 |      20 |       1 |   4.8
        D:2 |      32 |       0 |   0.0 |      11 |       0 |   0.0
        D:3 |     126 |       0 |   0.0 |       8 |       0 |   0.0
        D:4 |     118 |       0 |   0.0 |       1 |       0 |   0.0
            +---------+---------+-------+---------+---------+-------
